 Dungeon Crawl Stone Soup version 0.18-b1-18-g7758cf2 (webtiles) character file.

403 Alarkh the Poker (level 6, -2/44 HPs)
             Began as a Mummy Skald on May 2, 2016.
             Killed from afar by an orc wizard (8 damage)
             ... with a magic dart
             ... on level 4 of the Dungeon.
             The game lasted 00:06:58 (4302 turns).

Alarkh the Poker (Mummy Skald)                      Turns: 4302, Time: 00:06:59

Health: -2/44      AC:  4    Str: 15    XL:     6   Next: 55%
Magic:  2/9        EV: 11    Int: 14    God:
Gold:   202        SH:  0    Dex: 11    Spells: 3 memorised, 4 levels left

rFire  x . .     SeeInvis .     a - +0 spear
rCold  + . .     Gourm    .     b - +0 leather armour
rNeg   + + +     Faith    .     (no shield)
rPois  ∞         Spirit   .     (no helmet)
rElec  .         Dismiss  .     (no cloak)
rCorr  .         Reflect  .     i - +0 pair of gloves
SustAt .         Harm     .     (no boots)
MR     .....                    (no amulet)
Stlth  +.........               (no ring)
                                (no ring)

@: not resistant to hostile enchantments, very unstealthy
A: no food or potions, fire vulnerability, cold resistance 1, negative energy
resistance 3, torment resistance, unbreathing
a: no special abilities


You were on level 4 of the Dungeon.
You were not hungry.

You visited 2 branches of the dungeon, and saw 5 of its levels.

You collected 202 gold pieces.

Inventory:

Hand Weapons
 a - a +0 spear (weapon)
Missiles
 l - a throwing net (quivered)
Armour
 b - a +0 leather armour (worn)
 i - a +0 pair of gloves (worn)
Jewellery
 g - an uncursed ring of teleportation
Scrolls
 d - a scroll of blinking
 e - 4 scrolls of remove curse
 f - a scroll of fog
 h - 2 scrolls of magic mapping
 j - 2 scrolls of noise
 k - a scroll of recharging
 m - a scroll of teleportation {unknown}
Books
 c - a book of Battle

   Spells                             Type                      Level
   a - Infusion                       Charms                       1
   b - Shroud of Golubria             Charms/Translocation         2
   c - Song of Slaying                Charms                       2
   d - Spectral Weapon                Hexes/Charms                 3
   e - Regeneration                   Charms/Necromancy            3


   Skills:
 - Level 2.0 Fighting
 + Level 5.9 Polearms
 - Level 0.7 Armour
 - Level 0.7 Dodging
 - Level 2.0 Spellcasting
 - Level 2.4 Charms


You had 4 spell levels left.
You knew the following spells:

 Your Spells              Type           Power        Failure   Level  Hunger
a - Infusion              Chrm           #...         14%         1    N/A
b - Song of Slaying       Chrm           #.......     21%         2    N/A
e - Shroud of Golubria    Chrm/Tloc      #.........   30%         2    N/A

Dungeon Overview and Level Annotations

Branches:
Dungeon (4/15)             Temple (1/1) D:4

Altars:
Ashenzari
Dithmenos
Elyvilon
Kikubaaqudgha
Nemelex Xobeh
Okawaru
Pakellas
Qazlal
Trog
Vehumet
Xom
The Shining One


Innate Abilities, Weirdness & Mutations

You do not eat or drink.
Your flesh is vulnerable to fire.
You are immune to poison.
Your flesh is cold resistant.
You are immune to negative energy.
You are immune to unholy pain and torment.
You can survive without breathing.


Message History

You hit the orc!
You kill the orc!
You hear some strange, mumbled words.
A puff of flame appears from out of thin air!
The puff of flame hits you! The fire burns you terribly!
You see here an orc corpse.
You hit something but do no damage. Something hits you but does no damage.
Your magical infusion is running out.
Something hits you but does no damage.
You are no longer magically infusing your attacks.
A puff of flame appears from out of thin air!
The puff of flame hits you! The fire burns you terribly!
* * * LOW HITPOINT WARNING * * *
A puff of flame appears from out of thin air!
The puff of flame hits you! The fire burns you terribly!
* * * LOW HITPOINT WARNING * * *
Found a robe.
A magic dart appears from out of thin air!
The magic dart hits you!
You die...

#....#§# #....#.# ..[
#####....#.# ....
#........#.# ...####
#.###....#.# #....## #.#
#....#.#
#....####.###....#.###
#....#....##........##
#.#..@...###.###......
####..#...#.......#......
#......[.##.....###.#...#
##.###.#.####..### #...(..
#..###.#.!###..# #...)..
##.###...#..##..#####.#...#
#....#.#.##.##..#...#......
####.....##.##....# #......
###............# #.#...#


There were no monsters in sight!

Vanquished Creatures
  A scorpion (D:4)
  A hound (D:4)
  A giant frog skeleton (D:4)
  Jessica (D:2)
  An iguana (D:4)
  Ijyb (D:1)
  Terence (D:2)
  7 gnolls
  5 adders
  An adder skeleton (D:3)
  3 worms
  A dart slug (D:2)
  3 giant geckos
  2 orcs
  9 bats
  2 giant cockroaches (D:1)
  8 goblins
  9 hobgoblins
  6 kobolds
  2 quokkas
  3 giant newts
  A jackal skeleton (D:4)
  10 rats
79 creatures vanquished.

Notes
Turn   | Place    | Note
--------------------------------------------------------------
     0 | D:1      | Alarkh the Mummy Skald began the quest for the Orb.
     0 | D:1      | Reached XP level 1. HP: 16/16 MP: 3/3
    54 | D:1      | Reached skill level 2 in Polearms
   215 | D:1      | Reached XP level 2. HP: 13/22 MP: 1/5
   815 | D:2      | Noticed Terence
   966 | D:2      | Learned a level 2 spell: Song of Slaying
   969 | D:2      | Learned a level 2 spell: Shroud of Golubria
   991 | D:2      | Reached skill level 3 in Polearms
   991 | D:2      | Reached XP level 3. HP: 24/27 MP: 1/6
  1244 | D:3      | Reached XP level 4. HP: 33/33 MP: 3/7
  1870 | D:3      | Reached skill level 4 in Polearms
  2320 | D:2      | Noticed Ijyb
  2321 | D:2      | Noticed Jessica
  2448 | D:1      | Killed Ijyb
  2448 | D:1      | Reached XP level 5. HP: 36/38 MP: 0/8
  2525 | D:2      | Killed Jessica
  2570 | D:2      | Killed Terence
  2713 | D:2      | Reached skill level 5 in Polearms
  3128 | D:4      | Reached XP level 6. HP: 20/44 MP: 2/9
  3891 | D:4      | Found a staircase to the Ecumenical Temple.
  3900 | Temple   | Entered the Ecumenical Temple
  4302 | D:4      | Killed from afar by an orc wizard

Skill      XL: |  1  2  3  4  5 |
---------------+----------------+-----
Polearms       | 2 3 4 5 |  5.9
Fighting       | |  2.0
Armour         | |  0.7
Dodging        | |  0.7
Spellcasting   | |  2.0
Charms         | |  2.4

Action                   |  1- 3 |  4- 6 || total
-------------------------+-------+-------++-------
Melee: Spear             |   116 |   262 ||   378
 Cast: Infusion          |    22 |    35 ||    57
       Shroud of Golubri |       |     3 ||     3
  Use: Scroll            |     3 |     4 ||     7
Armor: Leather armour    |    27 |    39 ||    66
Dodge: Dodged            |    45 |    86 ||   131
